 Dungeon Sprint DCSS version 0.30-a0-596-g0af90f9a20 (webtiles) character file.

Game seed: 8557127343670656778

1085 NinjaNoafa the Covert (level 8, 0/45 HPs)
             Began as a Vine Stalker Fighter on Jan 6, 2023.
             Was a Believer of Uskayaw.
             Slain by a large abomination (23 damage)
             ... in the Dungeon (Sprint VII: "The Pits").
             The game lasted 00:04:39 (646 turns).

NinjaNoafa the Covert (Vine Stalker Fighter)         Turns: 646, Time: 00:04:40

Health: 0/45       AC:  7    Str: 19    XL:     8   Next: 30%
Magic:  0/13       EV: 12    Int:  8    God:    Uskayaw [**....]
Gold:   0          SH:  6    Dex: 16    Spells: 13/13 levels left

rFire   . . .      SeeInvis .    p - +2 dagger (drain)
rCold   . . .      Faith    .    c - +0 buckler
rNeg    . . .      Spirit   +    b - +0 scale mail
rPois   .          Reflect  .    (no helmet)
rElec   .          Harm     .    (no cloak)
rCorr   .          Rampage  .    (no gloves)
Will    +....      NoTele   +    (no boots)
Stlth   +++                      (no amulet)
HPRegen 1.07/turn                (no ring)
MPRegen 0.13/turn                (no ring)

@: no status effects
A: fangs 3, regeneration 1, magic shield, antimagic bite, no potion heal 2
a: Renounce Religion, Stomp, Line Pass


You were in the Dungeon.
You worshipped Uskayaw.
Uskayaw was noncommittal.
You visited 1 branch

Inventory:

Hand Weapons
 p - a +2 dagger of draining (weapon)
Missiles
 o - 2 poisoned darts (quivered)
Armour
 b - a +0 scale mail (worn)
 c - a +0 buckler (worn)
Scrolls
 a - 5 scrolls of amnesia
 j - a scroll of blinking
 n - 2 scrolls of vulnerability
Potions
 d - a potion of might
 e - 5 potions of curing
 g - a potion of haste
 h - 4 potions of magic
 i - a potion of berserk rage
 l - 2 potions of invisibility


   Skills:
 + Level 6.8 Fighting
 + Level 6.7 Short Blades
 + Level 6.4 Armour
 + Level 5.6 Dodging
 + Level 8.7 Stealth
 + Level 6.8 Shields
 - Level 3.0 Spellcasting
 + Level 4.3 Invocations


You had 13 spell levels left.
You didn't know any spells.
Your spell library was empty.

Dungeon Overview and Level Annotations

Branches:
Dungeon (1/1)

Altars:
Ashenzari
Cheibriados
Dithmenos
Elyvilon
Fedhas
Gozag
Hepliaklqana
Kikubaaqudgha
Makhleb
Nemelex Xobeh
Okawaru
Qazlal
Ru
Sif Muna
Trog
Uskayaw
Vehumet
Wu Jian
Xom
Yredelemnul
Zin
The Shining One
Jiyva
Lugonu


Innate Abilities, Weirdness & Mutations

You have razor-sharp teeth.
Your natural rate of healing is unusually fast.
When hurt, damage is shared between your health and your magic reserves.
Your bite disrupts and absorbs the magic of your enemies.
Potions cannot restore your health.


Message History

The scorpion stings you but does no damage.
You barely miss the scorpion. You bite the scorpion. You drain its power.
The scorpion is severely wounded.
You feel sick. The scorpion barely misses you.
You can now pass through a line of other dancers.
You hit the scorpion but do no damage. You drain the scorpion.
You bite the scorpion. You drain its power.
The scorpion is almost dead.
You block the scorpion's attack.
You barely miss the scorpion. Your bite misses the scorpion.
The scorpion is almost dead.
You feel sick. The scorpion barely misses you.
You hit the scorpion but do no damage. You drain the scorpion.
You kill the scorpion!
You feel sick.
You are no longer poisoned.
You start waiting.
A large abomination is nearby!
There is an open door here.
There is an open door, spattered with blood here.
There is an open door here.
You catch the helpless large abomination completely off-guard!
You impale the large abomination!!
The large abomination is heavily damaged.
The large abomination hits you!!
You hit the large abomination but do no damage.
You bite the large abomination, but do no damage.
The large abomination is heavily damaged.
You completely miss the large abomination.
The large abomination is heavily damaged.
The large abomination hits you!
You hit the large abomination but do no damage.
You bite the large abomination! You drain its power.
You feel invigorated.
The large abomination is severely damaged.
You can now pass through a line of other dancers.
You barely miss the large abomination.
The large abomination is severely damaged.
The large abomination hits you!!!
Ouch! That really hurt!
You die...

#.#.....#[[##.......##..#
#.####'##'###...<...##..#
#.#........##.......##..#
#.#........##.......##..#
#'###########.......##..g
#.......# #########
#..###..# ######
#...!...# #....#
##.###.##+#@X..#
#.......#.'....+
#..###..#'#....#
#.......'.#....#
################


You could see a large abomination.

Vanquished Creatures
  A cyclops (D)
  A hornet (D)
  A floating eye (D)
  A sky beast (D)
  A wolf (D)
  A kobold brigand (D)
  A bullfrog (D)
  A scorpion (D)
  A crimson imp (D)
  A gnoll (D)
  A river rat (D)
  An ufetubus (D)
  A bat skeleton (D)
  An endoplasm (D)
  A hobgoblin (D)
  3 jackals (D)
  A bat (D)
  A quokka skeleton (D)
  A rat (D)
21 creatures vanquished.

Notes
Turn   | Place    | Note
-------+----------+-------------------------------------------
     0 | D        | NinjaNoafa the Vine Stalker Fighter began the quest for the
                  | Orb.
     0 | D        | Reached XP level 1. HP: 11/11 MP: 2/2
     9 | D        | Noticed a floating eye
    10 | D        | Paralysed by a floating eye for 3 turns
    15 | D        | Killed a floating eye
    16 | D        | Reached skill level 4 in Stealth
    16 | D        | Reached XP level 2. HP: 17/17 MP: 3/3
    16 | D        | Reached XP level 3. HP: 21/21 MP: 4/4
    16 | D        | Gained mutation: Your natural rate of healing is unusually
                  | fast. [Vine Stalker growth]
    16 | D        | Reached XP level 4. HP: 25/25 MP: 5/5
    48 | D        | Found a glowing golden altar of the Shining One.
    48 | D        | Found a glowing silver altar of Zin.
    48 | D        | Found a basalt altar of Yredelemnul.
    48 | D        | Found a shimmering altar of Xom.
    48 | D        | Found an ornate altar of the Wu Jian Council.
    48 | D        | Found a bloodstained altar of Trog.
    48 | D        | Found a shimmering blue altar of Sif Muna.
    48 | D        | Found a sacrificial altar of Ru.
    48 | D        | Found a stormy altar of Qazlal.
    48 | D        | Found an iron altar of Okawaru.
    48 | D        | Found a sparkling altar of Nemelex Xobeh.
    48 | D        | Found a burning altar of Makhleb.
    48 | D        | Found a viscous altar of Jiyva.
    48 | D        | Found a hazy altar of Hepliaklqana.
    48 | D        | Found an opulent altar of Gozag.
    48 | D        | Found a blossoming altar of Fedhas.
    48 | D        | Found a white marble altar of Elyvilon.
    48 | D        | Found a shadowy altar of Dithmenos.
    48 | D        | Found a snail-covered altar of Cheibriados.
    49 | D        | Found a radiant altar of Vehumet.
    49 | D        | Found a corrupted altar of Lugonu.
    50 | D        | Found a hide-covered altar of Uskayaw.
    50 | D        | Found an ancient bone altar of Kikubaaqudgha.
    50 | D        | Found a broken altar of Ashenzari.
    58 | D        | Became a worshipper of Uskayaw the Reveller
    86 | D        | Reached * piety under Uskayaw
    92 | D        | Noticed a kobold brigand
    96 | D        | Reached ** piety under Uskayaw
   120 | D        | Reached *** piety under Uskayaw
   121 | D        | Killed a kobold brigand
   122 | D        | Reached skill level 5 in Stealth
   122 | D        | Reached XP level 5. HP: 30/30 MP: 6/6
   122 | D        | Reached **** piety under Uskayaw
   123 | D        | Reached skill level 5 in Shields
   147 | D        | Noticed a sky beast
   261 | D        | Reached skill level 5 in Fighting
   261 | D        | Reached skill level 6 in Stealth
   261 | D        | Reached XP level 6. HP: 35/35 MP: 7/7
   277 | D        | Killed a sky beast
   278 | D        | Reached skill level 5 in Short Blades
   278 | D        | Reached skill level 5 in Armour
   278 | D        | Reached skill level 1 in Invocations
   308 | D        | Reached skill level 7 in Stealth
   350 | D        | Reached skill level 1 in Spellcasting
   350 | D        | Reached XP level 7. HP: 22/39 MP: 9/9
   367 | D        | Noticed a hornet
   376 | D        | Killed a hornet
   377 | D        | Reached skill level 5 in Dodging
   406 | D        | Noticed a cyclops
   489 | D        | Killed a cyclops
   490 | D        | Reached skill level 8 in Stealth
   490 | D        | Gained mutation: You have razor-sharp teeth. [Vine Stalker
                  | growth]
   490 | D        | Reached XP level 8. HP: 40/45 MP: 9/13
   646 | D        | Slain by a large abomination

Illustrated notes

Levels and vault maps discovered:
D:        pitsprint [storerooms_1, entrance_room_1, metal_vault_3, armoury_2,
          mini_pit_1, grid_room_1, main_hall_1, silver_pit, the_coven_2,
          the_vestibule_1, steel_vault_4, golden_pit, hallway_of_sentries,
          crystal_vault_3, iron_vault_1, final_vault]

Skill      XL: |  1  2  3  4  5  6  7 |
---------------+----------------------+-----
Fighting       | 4 5 6 |  6.8
Short Blades   | 3 4 5 6 |  6.7
Armour         | 3 4 5 6 |  6.4
Dodging        | 2 3 4 5 |  5.6
Stealth        | 4 5 6 7 8 |  8.7
Shields        | 4 5 6 |  6.8
Invocations    | 2 4 |  4.3
Spellcasting   | 1 3 |  3.0

Action                   |  1- 3 |  4- 6 |  7- 9 || total
-------------------------+-------+-------+-------++-------
Melee: Rapier            |     3 |       |       ||     3
       Bite              |     2 |    11 |    10 ||    23
       Dagger            |       |    79 |    29 ||   108
Throw: Dart              |       |       |     3 ||     3
Invok: Stomp             |       |     1 |       ||     1
  Use: Potion            |       |     1 |     2 ||     3
       Scroll            |       |       |     1 ||     1
 Stab: Paralysed         |       |     2 |       ||     2
       Sleeping          |       |     1 |       ||     1
       Distracted        |       |       |     1 ||     1
Armor: Scale mail        |       |    25 |     7 ||    32
Dodge: Dodged            |       |    31 |    11 ||    42
Block: Buckler           |       |    23 |     6 ||    29

Table legend: (Time is in decaauts)
 A = Elapsed time spent in this place.
 B = Non-inter-level travel time spent in this place.
 C = Inter-level travel time spent in this place.
 D = Time resting spent in this place.
 E = Time spent auto-exploring this place.
 F = Levels seen in this place.
 G = Mean time per level.
                   A        B        C        D        E       F      G
               +--------+--------+--------+--------+--------+-----+--------+
         Total |    640 |    640 |      0 |    192 |     70 |   1 |  640.0 |
       Dungeon |    640 |    640 |      0 |    192 |     70 |   1 |  640.0 |
               +--------+--------+--------+--------+--------+-----+--------+

Top non-repeatable levels by time:
       D: 640 daAuts
